 Dungeon Crawl Stone Soup version 0.18.1-1-g2f07953 (webtiles) character file.

521 Chiseanne the Ogre Mage (level 7, 0/72 HPs)
             Began as an Ogre Air Elementalist on May 6, 2016.
             Was a Follower of Vehumet.
             Slain by a killer bee (6 damage)
             ... on level 5 of the Dungeon.
             The game lasted 00:11:41 (4819 turns).

Chiseanne the Ogre Mage (Ogre Air Elementalist)     Turns: 4819, Time: 00:11:41

Health: 0/72       AC:  3    Str: 14    XL:     7   Next: 21%
Magic:  3/15       EV: 10    Int: 16    God:    Vehumet [*.....]
Gold:   170        SH:  0    Dex: 10    Spells: 4 memorised, 8 levels left

rFire  . . .     SeeInvis +     h - +0 mace
rCold  . . .     Gourm    .     a - +0 robe
rNeg   . . .     Faith    .     (no shield)
rPois  +         Spirit   .     (helmet restricted)
rElec  .         Dismiss  .     (no cloak)
rCorr  .         Reflect  .     (gloves unavailable)
SustAt .         Harm     .     (boots unavailable)
MR     .....                    d - amulet of magic regeneration
Stlth  +.........               w - ring of see invisible
                                B - ring of poison resistance

@: lethally poisoned (0 -> -3), very slightly contaminated, repel missiles, not
resistant to hostile enchantments, very unstealthy
A: unfitting armour, tough skin 1
a: Renounce Religion


You were on level 5 of the Dungeon.
You worshipped Vehumet.
Vehumet was aware of your devotion.
You were very hungry.

You visited 1 branch of the dungeon, and saw 5 of its levels.

You collected 170 gold pieces.

Inventory:

Hand Weapons
 e - a +0 club
 h - a +0 mace (weapon)
 p - a +0 trident
 q - a +0 flail
 z - a +0 morningstar
Missiles
 f - a throwing net
 g - 45 arrows
 j - 62 stones (quivered)
 u - 10 poisoned needles
 v - 17 sling bullets
 y - 2 javelins
 D - 7 tomahawks of dispersal
Armour
 a - a +0 robe (worn)
Jewellery
 d - an amulet of magic regeneration (around neck)
 s - an uncursed amulet of dismissal {unknown}
 w - a ring of see invisible (right hand)
 B - a ring of poison resistance (left hand)
Wands
 C - a wand of slowing (20/48)
Scrolls
 E - a scroll of immolation {unknown}
Potions
 i - 2 potions of degeneration {unknown}
 k - a potion of magic {unknown}
 m - 3 potions of cancellation
 n - a potion of haste {unknown}
 o - a potion of might
 t - a potion of resistance
 x - a potion of ambrosia {unknown}
Books
 b - a book of Air

   Spells                             Type                      Level
   a - Shock                          Conjuration/Air              1
   b - Swiftness                      Charms/Air                   2
   c - Repel Missiles                 Charms/Air                   2
   d - Static Discharge               Conjuration/Air              3
   e - Lightning Bolt                 Conjuration/Air              5
 A - a book of Burglary

   Spells                             Type                      Level
   a - Swiftness                      Charms/Air                   2
   b - Passwall                       Transmutation/Earth          2
   c - Passage of Golubria            Translocation                4
   d - Lee's Rapid Deconstruction     Earth                        5
   e - Darkness                       Hexes                        6
   f - Invisibility                   Hexes                        6
Comestibles
 c - 7 bread rations
 l - 3 beef jerkies
 r - a slice of pizza


   Skills:
 - Level 5.0 Fighting
 - Level 1.7 Dodging
 - Level 1.5 Stealth
 * Level 5.4 Spellcasting
 - Level 0.8 Conjurations
 * Level 3.8 Air Magic


You had 8 spell levels left.
You knew the following spells:

 Your Spells              Type           Power        Failure   Level  Hunger
a - Shock                 Conj/Air       ##..         8%          1    None
b - Repel Missiles        Chrm/Air       ##....       12%         2    #......
c - Static Discharge      Conj/Air       ##......     17%         3    ###....
d - Swiftness             Chrm/Air       ##......     12%         2    #......


Dungeon Overview and Level Annotations

Branches:
Dungeon (5/15)
 Temple: D:4-7

Altars:
Dithmenos
Elyvilon
Gozag
Kikubaaqudgha
Makhleb
Okawaru
Pakellas
Vehumet
Xom
Zin

Shops:
D:4 *

Annotations:
D:3 Grinder


Innate Abilities, Weirdness & Mutations

You are too large for most types of armour.
You have tough skin (AC +1).


Message History

Aiming: Shock
Press: ? - help, Shift-Dir - straight line, f/p - killer bee
Aim: a killer bee (moderately wounded)
The zap misses the killer bee.
The zap hits the killer bee.
The killer bee is moderately wounded.
The zap misses the killer bee.
You feel sick. The killer bee barely misses you.
The killer bee closely misses you.
Casting: Shock
Confirm with . or Enter, or press ? or * to list all spells.
Aiming: Shock
Press: ? - help, Shift-Dir - straight line, f/p - killer bee
Aim: a killer bee (moderately wounded)
The zap misses the killer bee.
The zap hits the killer bee.
The killer bee is heavily wounded.
The zap hits the killer bee.
The killer bee is moderately wounded.
The killer bee stings you.
* * * LOW HITPOINT WARNING * * *
The killer bee stings you.
You die...

....##### # ...##.#.# ###
....# #. ..#.##.#.# #..
...## #. ####.##.#.# #.#
..)# #. #....#<# #.# .#.#
#y ##.#..#.#####.# ##.# #.
#.............# . .# #.
#.............#
######y#####...##.........
#.....yyy@.##...#.#####.##
.......###........#####.##
####### ###.........##...
#......##......
##...#.#####.##
#####.#####.# #.......#
#########


You could see 4 killer bees.

Vanquished Creatures
  2 phantoms (D:4)
  A killer bee (D:5)
  An iguana (D:4)
  2 worker ants
  Robin (D:2)
  4 gnolls (D:4)
  A howler monkey skeleton (D:5)
  7 adders
  An ooze (D:3)
  An adder zombie (D:5)
  3 worms
  3 dart slugs
  4 giant geckos
  An orc (D:3)
  4 giant cockroaches
  12 goblins
  8 hobgoblins
  4 jackals
  8 kobolds
  2 ball pythons
  9 bats
  4 giant newts
  A jackal skeleton (D:4)
  4 rats
88 creatures vanquished.

Vanquished Creatures (others)
  A giant cockroach (D:2)
  2 goblins (D:2)
  A hobgoblin (D:2)
  A quokka (D:2)
5 creatures vanquished.

Grand Total: 93 creatures vanquished

Notes
Turn   | Place    | Note
--------------------------------------------------------------
     0 | D:1      | Chiseanne the Ogre Air Elementalist began the quest for the Orb.
     0 | D:1      | Reached XP level 1. HP: 16/16 MP: 3/3
   347 | D:1      | Reached skill level 1 in Fighting
   350 | D:1      | Reached XP level 2. HP: 27/27 MP: 2/5
   808 | D:1      | Reached XP level 3. HP: 35/35 MP: 2/7
   879 | D:1      | Learned a level 2 spell: Repel Missiles
   890 | D:1      | Learned a level 3 spell: Static Discharge
  1301 | D:2      | Found an oddly glowing altar of Pakellas.
  1302 | D:2      | Found a burning altar of Makhleb.
  1302 | D:2      | Found a white marble altar of Elyvilon.
  1304 | D:2      | Noticed Robin
  1350 | D:2      | Reached XP level 4. HP: 40/44 MP: 1/8
  1488 | D:2      | Found an ancient bone altar of Kikubaaqudgha.
  1898 | D:2      | Found a radiant altar of Vehumet.
  1906 | D:2      | Became a worshipper of Vehumet
  2147 | D:2      | HP: 1/45 [Robin/goblin (2)]
  2148 | D:2      | Killed Robin
  2754 | D:2      | Learned a level 2 spell: Swiftness
  2820 | D:2      | Reached XP level 5. HP: 47/53 MP: 0/10
  3070 | D:3      | Noticed Grinder
  3536 | D:4      | Noticed a phantom
  3561 | D:4      | Killed a phantom
  3561 | D:4      | Reached XP level 6. HP: 49/63 MP: 0/12
  3820 | D:4      | Found an opulent altar of Gozag.
  3824 | D:4      | Found Gozag's Platinum Reserve.
  3912 | D:4      | Reached skill level 5 in Fighting
  4008 | D:4      | Noticed a phantom
  4066 | D:4      | Killed a phantom
  4066 | D:4      | Reached * piety under Vehumet
  4066 | D:4      | Offered knowledge of Sandblast by Vehumet.
  4066 | D:4      | Reached skill level 5 in Spellcasting
  4126 | D:4      | Found an iron altar of Okawaru.
  4129 | D:4      | Found a shimmering altar of Xom.
  4134 | D:4      | Found a glowing silver altar of Zin.
  4298 | D:4      | Reached XP level 7. HP: 70/72 MP: 8/14
  4348 | D:5      | Entered Level 5 of the Dungeon
  4411 | D:5      | Found a shadowy altar of Dithmenos.
  4819 | D:5      | Slain by a killer bee

Skill      XL: |  1  2  3  4  5  6 |
---------------+-------------------+-----
Fighting       | 1 2 3 4 5 |  5.0
Spellcasting   | 3 4 5 |  5.4
Air Magic      | 3 |  3.8
Dodging        | |  1.7
Stealth        | |  1.5
Conjurations   | |  0.8

Action                   |  1- 3 |  4- 6 |  7- 9 || total
-------------------------+-------+-------+-------++-------
Melee: Unarmed           |     8 |       |       ||     8
       Club              |    15 |    25 |       ||    40
       Mace              |       |    44 |     2 ||    46
 Cast: Shock             |    81 |   217 |    40 ||   338
       Repel Missiles    |     1 |       |       ||     1
  Use: Scroll            |     1 |     4 |     2 ||     7
       Potion            |       |     1 |       ||     1
 Stab: Invisible         |       |     1 |       ||     1
  Eat: Chunk             |     2 |    10 |       ||    12
Armor: Robe              |    18 |    41 |     6 ||    65
Dodge: Dodged            |    23 |    75 |    22 ||   120
       Deflected         |       |     1 |       ||     1
